 Dungeon Crawl Stone Soup version 0.29.1-13-g9f3cf754e1 (webtiles) character file.

Game seed: 16293004031435059995

2082 H0rd4k the Trooper (level 9, -7/63 HPs)
             Began as an Octopode Artificer on Jan 26, 2023.
             Was an Initiate of Gozag.
             Shot with an arrow by a centaur (9 damage)
             ... on level 9 of the Dungeon.
             The game lasted 00:10:28 (10037 turns).

H0rd4k the Trooper (Octopode Artificer)            Turns: 10037, Time: 00:10:29

Health: -7/63      AC: -3    Str: 17    XL:     9   Next: 27%
Magic:  18/18      EV: 13    Int: 17    God:    Gozag
Gold:   519        SH:  0    Dex: 13    Spells: 20/20 levels left

rFire   . . .      SeeInvis .     - Unarmed
rCold   . . .      Faith    .   (no shield)
rNeg    . . .      Spirit   .   (helmet restricted)
rPois   .          Reflect  .   a - amulet of the acrobat
rElec   .          Harm     .   n - +6 ring of strength
rCorr   .          Rampage  .   (no ring)
Will    .....                   (no ring)
Stlth   +++.......              (no ring)
HPRegen 0.20/turn               (no ring)
MPRegen 0.16/turn               (no ring)
                                (no ring)
                                (no ring)

@: corroded
A: almost no armour, amphibious, 8 rings, camouflage 1, gelatinous body 1,
(nimble swimmer 1), tentacles, mutation resistance 1
a: Renounce Religion, Potion Petition, Call Merchant, Bribe Branch


You were on level 9 of the Dungeon.
You worshipped Gozag.
Gozag was pleased with you.
You visited 2 branches of the dungeon, and saw 10 of its levels.

You collected 669 gold pieces.
You paid 150 gold pieces to Gozag.

Inventory:

Missiles
 s - 12 poisoned darts (quivered)
 w - 2 throwing nets
Jewellery
 a - an amulet of the acrobat (around mantle)
 n - a +6 ring of strength (left tentacle)
Wands
 c - a wand of charming (9)
 k - a wand of polymorph (3)
 y - a wand of iceblast (10)
Scrolls
 e - a scroll of identify
 g - 2 scrolls of amnesia
 h - a scroll of noise
 m - a scroll of poison
 o - 2 scrolls of silence
 p - 3 scrolls of vulnerability
 q - a scroll of magic mapping
 r - a scroll of fog
 t - a scroll of teleportation
Potions
 b - a potion of brilliance {unknown}
 d - a potion of heal wounds {unknown}
 f - a potion of magic
 i - 2 potions of flight
 j - a potion of cancellation {unknown}
 u - a potion of ambrosia {unknown}
 v - 2 potions of berserk rage {unknown}
 z - 2 potions of haste {unknown}
 A - 2 potions of curing


   Skills:
 + Level 6.8 Fighting
 + Level 2.7 Throwing
 - Level 2.3 Dodging
 - Level 1.3 Stealth
 - Level 6.2 Unarmed Combat
 * Level 6.0 Spellcasting
 - Level 3.2 Evocations


You had 20 spell levels left.
You didn't know any spells.
Your spell library contained the following spells:

 Spells                   Type           Power      Damage    Failure   Level
 Magic Dart               Conj           20%        1d4       13%         1
 Sandblast                Erth           10%        2d5       13%         1
 Shock                    Conj/Air       20%        1d4       13%         1
 Call Imp                 Summ           5%         N/A       19%         2
 Passwall                 Tmut/Erth      4%         N/A       19%         2
 Gell's Gravitas          Tloc           5%         N/A       36%         3
 Lesser Beckoning         Tloc           5%         N/A       36%         3
 Mephitic Cloud           Conj/Pois/Air  5%         N/A       36%         3
 Stone Arrow              Conj/Erth      10%        3d7       36%         3
 Swiftness                Air            5%         N/A       36%         3
 Teleport Other           Tloc           5%         N/A       36%         3
 Airstrike                Air            2%         2d(1-17)  77%         4
 Summon Ice Beast         Ice/Summ       5%         N/A       77%         4
 Summon Mana Viper        Hex/Summ       5%         N/A       98%         5
 Dispersal                Tloc           2%         N/A       100%        6
 Monstrous Menagerie      Summ           2%         N/A       100%        7
 Chain Lightning          Conj/Air       2%         3d3       100%        9
 Fire Storm               Conj/Fire      2%         8d1       100%        9
 Shatter                  Erth           2%         3d6*      100%        9


Dungeon Overview and Level Annotations

Branches:
Dungeon (9/15)             Temple (1/1) D:7            Lair (0/5) D:8
    Orc: D:9-12

Altars:
Ashenzari
Cheibriados
Dithmenos
Fedhas
Gozag
Hepliaklqana
Kikubaaqudgha
Makhleb
Nemelex Xobeh
Okawaru
Qazlal
Ru
Sif Muna
Trog
Uskayaw
Vehumet
Xom
Yredelemnul
Zin

Annotations:
D:5 2 transporters, 1 runed translucent door, exclusions: door, downstairs and phantom, Crazy Yiuf; MinkTDR's ghost, novice MiFi
D:7 exclusions: 2 downstairs and hornet
D:8 Maggie; Psyche


Innate Abilities, Weirdness & Mutations

You cannot wear most types of armour.
You are amphibious.
You can wear up to eight rings at the same time.
Your skin changes colour to match your surroundings (Stealth+).
Your rubbery body absorbs attacks. (AC +1, EV +1)
((You are camouflaged when in or above water. (Stealth+)))
You have tentacles for arms and can constrict up to eight enemies at once.
You are somewhat resistant to further mutation.


Message History

A stone staircase leading up.
Found a stone staircase leading up.
There is a stone staircase leading up here.
As you open the door, it creaks loudly!
You hear a shout!
You hear a roar!
You hear a howl!
You hear a bellow! x2
There is an open door here.
You open the door.
There is an open door here.
A kobold demonologist comes into view. It is wielding a +0 dagger.
The kobold demonologist moves out of view.
Found a ring mail.
Okay, then.
A kobold brigand comes into view.
It is wielding a +0 flail and quivering poisoned darts.
There is an open door here.
An acid dragon comes into view.
The acid dragon roars!
You hear a shout!
You hear a howl!
The acid dragon misses you. The acid dragon completely misses you.
You bludgeon the acid dragon!
The acid dragon is moderately wounded.
You tentacle-slap the acid dragon but do no damage.
You squeeze the acid dragon.
The acid dragon is heavily wounded.
The acid dragon spits acid at you. The splash of acid hits you!!
The acid corrodes you!
A centaur comes into view.
You hear a howl!
You closely miss the acid dragon. Your squeeze misses the acid dragon.
The acid dragon is heavily wounded.
The centaur wields a +0 shortbow.
The centaur shoots an arrow.
The arrow hits you! The acid dragon bites you! The acid dragon claws you.
* * * LOW HITPOINT WARNING * * *
You hear a howl!
You bludgeon the acid dragon! Your squeeze misses the acid dragon.
The acid dragon is severely wounded.
The centaur shoots an arrow.
The arrow hits you!
* * * LOW HITPOINT WARNING * * *
The acid dragon closely misses you. The acid dragon barely misses you.
The centaur shoots an arrow.
The arrow hits you!
You die...
Your body crumbles into a pile of gold.

###+#### #
#......#
....######......#
...K.....K......#
##....####......#
K.### #......# $
#. #..@D..# $#.
####'### #..# #.#
$ #.#####c#
#..##.<.#
#...#.### ##
##.#...#
...####..##.######
........##.......#


You could see an acid dragon (catching breath), a kobold brigand and a centaur.

Vanquished Creatures
  A wyvern (D:8)
  A steam dragon (D:7)
  An acid dragon (D:8)
  3 water moccasins
  An ice beast (D:6)
  2 black bears
  A sky beast (D:7)
  2 centaurs
  A kobold brigand (D:7)
  A gnoll sergeant (D:6)
  A necrophage (D:8)
  A scorpion (D:6)
  A killer bee (D:8)
  A hound (D:5)
  A jelly (D:7)
  2 iguanas
  4 orc wizards
  9 gnolls
  11 adders
  A shadow imp (D:6)
  A worm (D:2)
  5 dart slugs
  12 orcs
  3 bats
  8 endoplasms
  A giant cockroach (D:4)
  11 goblins
  7 hobgoblins
  6 jackals
  7 kobolds
  2 quokkas
  A ball python (D:1)
  A frilled lizard (D:1)
  7 rats
118 creatures vanquished.

Vanquished Creatures (collateral kills)
  A killer bee (D:8)
  An orc priest (D:6)
  A hound (D:6)
  2 gnolls
  2 orcs (D:5)
7 creatures vanquished.

Vanquished Creatures (others)
  An ogre (D:5)
  A killer bee (D:8)
  3 plants (D:6)
5 creatures vanquished.

Grand Total: 130 creatures vanquished

Notes
Turn   | Place    | Note
-------+----------+-------------------------------------------
     0 | D:1      | H0rd4k the Octopode Artificer began the quest for the Orb.
     0 | D:1      | Reached XP level 1. HP: 13/13 MP: 1/1
     7 | D:1      | Noticed a wolf
     7 | D:1      | Noticed a black bear
     8 | D:1      | Noticed a water moccasin
   362 | D:1      | Reached XP level 2. HP: 18/18 MP: 3/3
   369 | D:1      | Reached skill level 1 in Spellcasting
  1104 | D:1      | Reached XP level 3. HP: 24/24 MP: 5/5
  1379 | D:2      | Reached skill level 1 in Unarmed Combat
  2669 | D:3      | Reached XP level 4. HP: 29/29 MP: 6/6
  2929 | D:3      | Found a faded altar of an unknown god.
  3400 | D:4      | Gained mutation: You are somewhat resistant to further
                  | mutation. [potion of mutation]
  3975 | D:4      | Reached XP level 5. HP: 35/35 MP: 8/8
  4142 | D:5      | Entered Level 5 of the Dungeon
  4645 | D:5      | Found a transporter.
  4645 | D:5      | Noticed MinkTDR's ghost (novice MiFi)
  4647 | D:5      | Found a transporter.
  4768 | D:5      | Noticed a phantom
  4820 | D:5      | Found a bloodstained altar of Trog.
  4883 | D:5      | Reached XP level 6. HP: 17/42 MP: 9/9
  5168 | D:5      | Found a runed translucent door.
  5169 | D:5      | Noticed Crazy Yiuf
  5825 | D:6      | Noticed a black bear
  5865 | D:6      | Found a radiant altar of Vehumet.
  5866 | D:6      | Noticed an ice beast
  5873 | D:6      | Killed an ice beast
  5876 | D:6      | Killed a black bear
  5877 | D:6      | Reached XP level 7. HP: 17/47 MP: 9/11
  5895 | D:6      | Reached skill level 5 in Unarmed Combat
  6501 | D:6      | Reached XP level 8. HP: 37/54 MP: 13/13
  7124 | D:7      | Reached skill level 5 in Fighting
  7176 | D:7      | Found a staircase to the Ecumenical Temple.
  7202 | Temple   | Entered the Ecumenical Temple
  7557 | Temple   | Became a worshipper of Gozag Ym Sagoz the Greedy
  7819 | D:7      | Noticed a hornet
  7904 | D:8      | Noticed Psyche
  8380 | D:8      | Found a staircase to the Lair.
  8402 | D:8      | Reached skill level 5 in Spellcasting
  8638 | D:8      | Reached skill level 1 in Throwing
  8950 | D:8      | Noticed a wyvern
  8959 | D:8      | Killed a wyvern
  8960 | D:8      | Reached XP level 9. HP: 45/63 MP: 15/17
  9354 | D:8      | Noticed Maggie
 10026 | D:9      | Noticed a kobold demonologist
 10037 | D:9      | HP: 2/63 [centaur/arrow (15)]
 10037 | D:9      | Shot with an arrow by a centaur

Illustrated notes

Levels and vault maps discovered:
D:1:      onia_arrival_zoo_common, layout_rooms
D:2:      layout_loops_cross
D:3:      layout_basic, dreamdust_ecumenical_altar_grove,
          kennysheep_generic_room_16
D:4:      layout_cave_pools
D:5:      layout_loops_corners, mainiacjoe_overflow_surrounded_room,
          gammafunk_ghost_arena, uniq_crazy_yiuf_cottage
D:6:      layout_rooms, mainiacjoe_overflow_boulevard
D:7:      layout_rooms, minmay_temple_entry_water_ring
D:8:      wad_crossroads, layout_cave_pools, uniq_psyche, uniq_maggie
D:9:      layout_roguey, grunt_temple_overflow_open, amethyst_killhole,
          minmay_alternating_orb
Temple:   mainiacjoe_temple_bowtie_tessellation

Skill      XL: |  1  2  3  4  5  6  7  8  9 |
---------------+----------------------------+-----
Spellcasting   | 1 2 3 5 6 |  6.0
Unarmed Combat | 1 2 3 4 6 |  6.2
Fighting       | 2 3 4 6 |  6.8
Throwing       | 1 2 |  2.7
Dodging        | |  2.3
Stealth        | |  1.3
Evocations     | |  3.2

Action                   |  1- 3 |  4- 6 |  7- 9 || total
-------------------------+-------+-------+-------++-------
Melee: Unarmed           |   112 |   110 |   127 ||   349
       Constrict         |    22 |    31 |    27 ||    80
       Tentacles         |    23 |    28 |    27 ||    78
       Punch             |     4 |     4 |    12 ||    20
Throw: Dart              |       |       |    20 ||    20
Evoke: Wand              |       |    17 |    21 ||    38
  Use: Potion            |       |     4 |     2 ||     6
       Scroll            |       |       |    14 ||    14
 Stab: Sleeping          |    12 |     4 |     4 ||    20
       Distracted        |       |     1 |       ||     1
Armor: Skin              |     4 |     4 |     4 ||    12
Dodge: Dodged            |    67 |    87 |    97 ||   251
